 Dungeon Crawl Stone Soup version 0.23.0-3-gf3c87f2 (webtiles) character file.

Game seed: 3453850648659026182

32 Monsterracer the Skirmisher (level 3, 0/23 HPs)
             Began as a Tengu Abyssal Knight on Feb 24, 2019.
             Was a Follower of Lugonu.
             Slain by an ooze (1 damage)
             ... on level 1 of the Dungeon.
             The game lasted 00:00:24 (117 turns).

Monsterracer the Skirmisher (Tengu Abyssal Knight)   Turns: 117, Time: 00:00:24

Health: 0/23       AC:  3    Str: 13      XL:     3   Next: 25%
Magic:  5/5        EV: 11    Int: 12      God:    Lugonu [*.....]
Gold:   0          SH:  0    Dex: 10 (13) Spells: 2/2 levels left

rFire    . . .     SeeInvis .   a - +1 mace
rCold    . . .     Gourm    .   (no shield)
rNeg     . . .     Faith    .   b - +0 leather armour
rPois    .         Spirit   .   (helmet restricted)
rElec    .         Reflect  .   (no cloak)
rCorr    .         Harm     .   (no gloves)
MR       .....                  (boots unavailable)
Stlth    +.........             (no amulet)
HPRegen  0.07/turn              (no ring)
MPRegen  0.09/turn              (no ring)

@: no status effects
A: beak, talons 3
a: Depart the Abyss, Renounce Religion


You were on level 1 of the Dungeon.
You worshipped Lugonu.
Lugonu was aware of your devotion.
You were not hungry.

You visited 1 branch of the dungeon, and saw 1 of its levels.
You visited the Abyss 1 time.


Innate Abilities, Weirdness & Mutations

You have a beak for a mouth.
You have claws for feet.


   Skills:
 + Level 3.4 Fighting
 * Level 3.4 Maces & Flails
 - Level 2.1 Armour
 - Level 1.1 Dodging
 - Level 1.5 Invocations


You had 2 spell levels left.
You didn't know any spells.
Your spell library was empty.

Inventory:

Hand Weapons
 a - a +1 mace (weapon)
Armour
 b - a +0 leather armour (worn)
Scrolls
 d - a scroll of enchant armour {unknown}
Comestibles
 c - a ration

Dungeon Overview and Level Annotations

Branches:
Dungeon (1/15)

Altars:

########## ####
#.....#.@#.....
...#..#.J#..#..
...............
#..#.....#..#..
#.....#.....
#..<.....#..
########## #


You could see an ooze.


Message History

Welcome, Monsterracer the Tengu Abyssal Knight.
Will you be the one to retrieve the fabulous Orb of Zot from the depths?
Lugonu says: Depart the Abyss and spread corruption, my servant! (use the ability menu to exit the Abyss) Press ? for a list of commands and other information.
Found a corrupted altar of Lugonu.
There is a corrupted altar of Lugonu here.
d - a scroll labeled XAENOD IKICE A quasit comes into view.
The quasit gives a chilling moan.
You miss the quasit. You claw the quasit.
The quasit is heavily wounded.
The quasit bites you.
You feel clumsy. The quasit closely misses you. The quasit claws you.
You feel clumsy.
You take 3 damage, and have 11/14 hp.
MASSIVE DAMAGE!!
You hit the quasit. Your kick misses the quasit.
The quasit is severely wounded.
The quasit closely misses you. x2; The quasit misses you.
The quasit bites you but does no damage.
The quasit barely misses you. x2
You closely miss the quasit. Your kick misses the quasit.
The quasit is severely wounded.
The quasit bites you. The quasit claws you.
You feel clumsy.
The quasit claws you but does no damage.
The quasit barely misses you. The quasit claws you.
You feel clumsy.
The quasit claws you but does no damage.
You take 3 damage, and have 8/14 hp.
MASSIVE DAMAGE!!
Unknown command.
Unknown command.
You miss the quasit. Your kick misses the quasit. Your peck misses the quasit.
The quasit is severely wounded.
The quasit bites you but does no damage.
The quasit misses you. The quasit closely misses you.
You barely miss the quasit.
The quasit is severely wounded.
The quasit bites you but does no damage.
The quasit claws you.
* * * LOW HITPOINT WARNING * * *
The quasit barely misses you.
The quasit bites you but does no damage.
The quasit barely misses you.
The quasit claws you but does no damage.
You take 2 damage, and have 6/14 hp.
You hit the quasit.
You kill the quasit!
You feel your dexterity returning.
Your Maces & Flails skill increases to level 3!
You have reached level 2!
You have reached level 3!
Your experience leads to an increase in your attributes!
Your base attributes are Str 12, Int 12, Dex 13.
Increase (S)trength, (I)ntelligence, or (D)exterity?
You feel stronger.
The substance of the Abyss twists violently, and a gateway leading out appears!
You regained 4 hp, and now have 10/23 hp.
MP restored: 5 You pass through the gate.
A rat comes into view.
Found a bubbling cyan potion.
There is a staircase leading out of the dungeon here.
Unknown command.
A rat is nearby!
A rat is nearby!
An ooze comes into view.
The ooze moves out of view.
You hit the rat. Your kick misses the rat.
The rat is moderately wounded.
The rat bites you.
* * * LOW HITPOINT WARNING * * *
You take 1 damage, and have 9/23 hp.
You closely miss the rat. You claw the rat.
You kill the rat!
Lugonu accepts your kill.
Unknown command.
The ooze closely misses you.
You see here a bubbling cyan potion.
You hit the ooze. You peck the ooze.
The ooze is heavily wounded.
The ooze closely misses you.
You hit the ooze.
The ooze is almost dead.
The ooze hits you.
* * * LOW HITPOINT WARNING * * *
The ooze hits you.
* * * LOW HITPOINT WARNING * * *
You take 7 damage, and have 3/23 hp.
MASSIVE DAMAGE!!
You hit the ooze but do no damage.
The ooze is almost dead.
The ooze hits you.
* * * LOW HITPOINT WARNING * * *
You take 2 damage, and have 1/23 hp.
You barely miss the ooze.
The ooze is almost dead.
The ooze hits you.
You die...

Skill      XL: |  1 |
---------------+----+-----
Maces & Flails | 3 |  3.4
Fighting       | |  3.4
Armour         | |  2.1
Dodging        | |  1.1
Invocations    | |  1.5

Action                   || total
-------------------------++-------
Melee: Mace              ||    12
       Kick              ||     2
       Peck              ||     1
Armor: Leather armour    ||     7
Dodge: Dodged            ||    13

Levels and vault maps discovered:
D:1:      dpeg_arrival_ternary, layout_basic
Abyss:1

Notes
Turn   | Place    | Note
-------+----------+-------------------------------------------
     0 | Abyss:1  | Monsterracer the Tengu Abyssal Knight began the quest for
                  | the Orb.
     0 | Abyss:1  | Reached XP level 1. HP: 14/14 MP: 3/3
    96 | Abyss:1  | Noticed a quasit
   103 | Abyss:1  | HP: 6/14 [quasit (2)]
   104 | Abyss:1  | Killed a quasit
   104 | Abyss:1  | Reached XP level 2. HP: 8/19 MP: 4/4
   104 | Abyss:1  | Reached XP level 3. HP: 10/23 MP: 5/5
   106 | D:1      | Escaped the Abyss
   109 | D:1      | HP: 9/23 [rat (1)]
   115 | D:1      | HP: 6/23 [ooze (4)]
   116 | D:1      | HP: 1/23 [ooze (2)]
   117 | D:1      | Slain by an ooze

Vanquished Creatures
  A quasit (Abyss:1)
  A rat (D:1)
2 creatures vanquished.

Table legend:
 A = Turns spent in this place as a percentage of turns spent in the entire game.
 B = Non-inter-level travel turns spent in this place as a percentage of non-inter-level travel turns spent in the entire game.
 C = Inter-level travel turns spent in this place as a percentage of turns spent in this place.
 D = Turns resting spent in this place as a percentage of non-inter-level travel turns spent in this place.
 E = Turns spent auto-exploring this place as a percentage of non-inter-level travel turns spent in this place.
 F = Non-inter-level travel turns spent in this place divided by the number of levels of this place that you've seen.
                   A       B       C       D       E      F
               +-------+-------+-------+-------+-------+----------------------
         Total | 100.0 | 100.0 |   0.0 |   0.0 |  81.2 |  58.5
       Dungeon |   9.4 |   9.4 |   0.0 |   0.0 |   0.0 |  11.0
         Abyss |  90.6 |  90.6 |   0.0 |   0.0 |  89.6 | 106.0
               +-------+-------+-------+-------+-------+----------------------

Table legend:
 A = Non-vault XP
 B = Vault XP
 C = Vault XP percentage of total XP
 D = Non-vault monster count
 E = Vault monster count
 F = Vault count percentage of total count
                 A         B        C        D         E       F
            +---------+---------+-------+---------+---------+-------
      Total |      46 |       0 |   0.0 |       2 |       0 |   0.0
            +---------+---------+-------+---------+---------+-------
        D:1 |       1 |       0 |   0.0 |       1 |       0 |   0.0
    Abyss:1 |      45 |       0 |   0.0 |       1 |       0 |   0.0
            +---------+---------+-------+---------+---------+-------
